 Dungeon Crawl Stone Soup version 0.20.1-1-g8b1a95d (webtiles) character file.

971 arta the Magician (level 8, 0/55 HPs)
             Began as a Human Fire Elementalist on Sept 10, 2017.
             Was a Follower of Sif Muna.
             Slain by a troll (15 damage)
             ... on level 6 of the Dungeon.
             The game lasted 00:52:18 (7930 turns).

arta the Magician (Human Fire Elementalist)         Turns: 7930, Time: 00:52:19

Health: 0/55       AC: 11    Str:  8    XL:     8   Next: 39%
Magic:  8/15       EV: 18    Int: 22    God:    Sif Muna [*.....]
Gold:   268        SH:  0    Dex: 20    Spells: 9/17 levels left

rFire    . . .     SeeInvis .   r - +1 flail (drain)
rCold    . . .     Gourm    .   (no shield)
rNeg     . . .     Faith    .   C - +1 leather armour
rPois    .         Spirit   .   Q - +0 helmet
rElec    +         Reflect  .   E - +2 cloak
rCorr    .         Harm     .   (no gloves)
MR       +....                  v - +2 pair of boots
Stlth    +++.......             (no amulet)
Regen    0.2/turn               P - ring of protection from magic
MPRegen  0.2/turn               G - +5 ring of intelligence

@: agile, very slightly contaminated
A: blink, electricity resistance
a: Blink, Divine Energy, Renounce Religion


You were on level 6 of the Dungeon.
You worshipped Sif Muna.
Sif Muna was aware of your devotion.
You were not hungry.

You visited 2 branches of the dungeon, and saw 7 of its levels.

You collected 268 gold pieces.

Inventory:

Hand Weapons
 r - a +1 flail of draining (weapon)
 T - a +0 short sword
 Z - a +0 dagger
Missiles
 N - 12 bolts
Armour
 f - a +0 leather armour
 v - a +2 pair of boots (worn)
 C - a +1 leather armour (worn)
 E - a +2 cloak (worn)
 Q - a +0 helmet (worn)
 R - a +0 pair of boots
Jewellery
 u - an uncursed ring of positive energy
 G - a +5 ring of intelligence (right hand)
 P - a ring of protection from magic (left hand)
Wands
 H - a wand of random effects (32/48)
 L - a wand of paralysis (7/24)
Scrolls
 a - a scroll of amnesia {unknown}
 d - 2 scrolls of immolation
 e - 3 scrolls of teleportation
 j - a scroll of random uselessness
 l - a scroll of fear
 o - a scroll of recharging
 t - a scroll of remove curse
 W - a scroll of torment
Potions
 i - 2 potions of cancellation
 K - a potion of flight
 O - a potion of ambrosia
 U - 3 potions of curing
Books
 b - a book of Flames

   Spells                             Type                      Level
   a - Flame Tongue                   Conjuration/Fire             1
   b - Throw Flame                    Conjuration/Fire             2
   c - Conjure Flame                  Conjuration/Fire             3
   d - Inner Flame                    Hexes/Fire                   3
   e - Sticky Flame                   Conjuration/Fire             4
   f - Fireball                       Conjuration/Fire             5
 q - a book of Changes

   Spells                             Type                      Level
   a - Beastly Appendage              Transmutation                1
   b - Sticks to Snakes               Transmutation                2
   c - Spider Form                    Transmutation/Poison         3
   d - Ice Form                       Ice/Transmutation            4
   e - Blade Hands                    Transmutation                5
Comestibles
 c - 4 bread rations
 k - 2 royal jellies
 x - 3 meat rations
 V - 9 chunks of flesh


   Skills:
 + Level 1.7 Fighting
 + Level 0.2 Maces & Flails
   Level 0.2 Polearms
 + Level 3.2 Dodging
 + Level 3.1 Stealth
 + Level 5.2 Spellcasting
 + Level 4.2 Conjurations
 + Level 5.2 Fire Magic


You had 9 spell levels left.
You knew the following spells:

 Your Spells              Type           Power        Failure   Level  Hunger
a - Flame Tongue          Conj/Fire      ####.        1%          1    None
b - Fireball              Conj/Fire      ####......   50%         5    #####..
c - Throw Flame           Conj/Fire      ####..       3%          2    None


Dungeon Overview and Level Annotations

Branches:
Dungeon (6/15)             Temple (1/1) D:4

Altars:
Ashenzari
Dithmenos
Gozag
Hepliaklqana
Nemelex Xobeh
Sif Muna
Xom
The Shining One


Innate Abilities, Weirdness & Mutations

You can translocate small distances at will.
You are resistant to electric shocks. (rElec)


Message History

The troll completely misses you.
Unknown command.
Casting: Flame Tongue
Confirm with . or Enter, or press ? or * to list all spells.
Aiming: Flame Tongue
Press: ? - help, Shift-Dir - straight line, f/p - troll
Aim: a troll (heavily wounded, lightly drained)
The flame tongue hits the troll.
The troll is severely wounded.
The troll bites you! The troll claws you! x2
* * * LOW HITPOINT WARNING * * *
Casting: Flame Tongue
Confirm with . or Enter, or press ? or * to list all spells.
Aiming: Flame Tongue
Press: ? - help, Shift-Dir - straight line, f/p - troll
Aim: a troll (severely wounded, lightly drained)
The flame tongue hits the troll.
The troll is almost dead.
The troll bites you!
You die...

#......#
##......##..#
#........#..
#........#.###
##......##...
#......#..###.. #
##....##......
#...#....#...# .#
.........@T...####.#
#.
##....####.#........
>..### #.#...###..
## #.#...#
#.#...########
#.#...........
#.#[..........
#.###..####### ##.#


You could see a troll.

Vanquished Creatures
  3 ogres
  A scorpion (D:5)
  A howler monkey (D:5)
  A hound (D:4)
  4 orc priests
  Crazy Yiuf (D:2)
  2 iguanas
  5 orc wizards
  3 worker ants
  A hound skeleton (D:6)
  Robin (D:2)
  5 adders
  A shadow imp (D:5)
  2 oozes
  3 dart slugs
  A leopard gecko (D:1)
  17 orcs
  10 bats
  2 giant cockroaches
  6 hobgoblins
  10 jackals
  2 quokkas
  3 frilled lizards
  15 goblins
  7 kobolds
  A leopard gecko skeleton (D:3)
  9 rats
117 creatures vanquished.

Notes
Turn   | Place    | Note
-------+----------+-------------------------------------------
     0 | D:1      | arta the Human Fire Elementalist began the quest for the Orb.
     0 | D:1      | Reached XP level 1. HP: 13/13 MP: 3/3
   283 | D:1      | Reached XP level 2. HP: 10/19 MP: 1/5
   917 | D:1      | Reached XP level 3. HP: 24/24 MP: 2/6
  2636 | D:2      | Reached XP level 4. HP: 30/30 MP: 6/8
  2906 | D:2      | Found a runed door.
  2910 | D:2      | Noticed Crazy Yiuf
  2917 | D:2      | Killed Crazy Yiuf
  3090 | D:3      | Found a sparkling altar of Nemelex Xobeh.
  3304 | D:3      | HP: 1/31 [something/magic dart (2)]
  3332 | D:3      | Reached XP level 5. HP: 18/36 MP: 7/9
  3522 | D:3      | Noticed Robin
  3662 | D:2      | Killed Robin
  3789 | D:3      | Found a glowing golden altar of the Shining One.
  4463 | D:4      | Noticed an ogre
  4471 | D:4      | Killed an ogre
  4471 | D:4      | Reached skill level 1 in Fighting
  4471 | D:4      | Reached XP level 6. HP: 26/43 MP: 6/11
  4883 | D:4      | Noticed an ogre
  4896 | D:4      | Killed an ogre
  4896 | D:4      | Reached XP level 7. HP: 4/48 MP: 5/12
  5520 | D:4      | Found a staircase to the Ecumenical Temple.
  5808 | Temple   | Entered the Ecumenical Temple
  5852 | Temple   | Became a worshipper of Sif Muna the Loreminder
  5946 | D:5      | Entered Level 5 of the Dungeon
  5955 | D:5      | Learned a level 5 spell: Fireball
  6703 | D:5      | Found an opulent altar of Gozag.
  6776 | D:5      | Reached XP level 8. HP: 52/54 MP: 6/15
  6916 | D:5      | Reached skill level 5 in Fire Magic
  6988 | D:5      | Found a hazy altar of Hepliaklqana.
  7126 | D:5      | Reached skill level 5 in Spellcasting
  7369 | D:6      | Learned a level 2 spell: Throw Flame
  7663 | D:6      | Found a shadowy altar of Dithmenos.
  7726 | D:6      | Reached * piety under Sif Muna
  7885 | D:6      | Gained mutation: You can translocate small distances at will. [potion of mutation]
  7885 | D:6      | Gained mutation: You are resistant to electric shocks. (rElec) [potion of mutation]
  7924 | D:6      | Noticed a troll
  7930 | D:6      | Slain by a troll

Skill      XL: |  1  2  3  4  5  6  7  8 |
---------------+-------------------------+-----
Conjurations   | 2 3 4 |  4.2
Spellcasting   | 3 4 5 |  5.2
Fighting       | 1 |  1.7
Fire Magic     | 4 5 |  5.2
Dodging        | 3 |  3.2
Stealth        | 3 |  3.1
Maces & Flails | |  0.2
Polearms       | |  0.2

Action                   |  1- 3 |  4- 6 |  7- 9 || total
-------------------------+-------+-------+-------++-------
Melee: Unarmed           |     2 |       |       ||     2
       Spear             |    15 |     5 |       ||    20
       Mace              |       |    32 |    25 ||    57
       Flail             |       |       |     2 ||     2
 Cast: Flame Tongue      |    59 |    93 |    99 ||   251
       Throw Flame       |       |       |    17 ||    17
  Use: Scroll            |     5 |     3 |     5 ||    13
       Potion            |       |     3 |     7 ||    10
 Stab: Distracted        |       |       |     1 ||     1
  Eat: Chunk             |     2 |     2 |     7 ||    11
       Bread ration      |     1 |       |       ||     1
       Meat ration       |       |     1 |       ||     1
       Royal jelly       |       |       |     1 ||     1
Armor: Robe              |    17 |    42 |    19 ||    78
       Leather armour    |       |       |     6 ||     6
Dodge: Dodged            |    37 |    56 |    55 ||   148
